 Dungeon Crawl Stone Soup version 0.20-a0-2-g2b0e13a (webtiles) character file.

5518 McCoppin the Fighter (level 11, -1/96 HPs)
             Began as a Formicid Hunter on Oct 28, 2016.
             Was an Elder of Okawaru.
             Slain by a yak (12 damage)
             ... on level 9 of the Dungeon.
             The game lasted 00:30:37 (9139 turns).

McCoppin the Fighter (Formicid Hunter)              Turns: 9139, Time: 00:30:38

Health: -1/96      AC:  9    Str: 18 (19) XL:     11   Next: 1%
Magic:  12/14      EV: 13    Int: 11 (12) God:    Okawaru [****..]
Gold:   177        SH: 12    Dex: 11      Spells: 0 memorised, 10 levels left

rFire  + . .     SeeInvis +     a - +1 hand crossbow
rCold  . . .     Gourm    .     l - +0 scale mail {rPois}
rNeg   . . .     Faith    .     w - +0 shield
rPois  +         Spirit   .     (helmet unavailable)
rElec  .         Reflect  .     v - +0 cloak
rCorr  .         Harm     .     m - +0 pair of gloves
MR     +....                    (no boots)
Stlth  ++........               r - amulet of regeneration
                                z - ring of protection from fire
                                k - +1 ring of evasion

@: heroism
A: permanent stasis, dig shafts and tunnels, four strong arms, antennae 3
a: Dig, Shaft Self, Heroism, Renounce Religion


You were on level 9 of the Dungeon.
You worshipped Okawaru.
Okawaru was greatly pleased with you.
You were very hungry.

You visited 3 branches of the dungeon, and saw 12 of its levels.

You collected 364 gold pieces.
You spent 187 gold pieces at shops.

Inventory:

Hand Weapons
 a - a +1 hand crossbow (weapon)
 x - a +2 quarterstaff of chaos
Missiles
 i - 8 bolts (quivered)
Armour
 c - a +0 leather armour
 d - a +0 troll leather armour
 l - a +0 scale mail of poison resistance (worn)
 m - a +0 pair of gloves (worn)
 v - a +0 cloak (worn)
 w - a +0 shield (worn)
Jewellery
 b - an uncursed ring of ice
 k - a +1 ring of evasion (left hand)
 r - an amulet of regeneration (around neck)
 z - a ring of protection from fire (right hand)
Wands
 p - a wand of lightning (10/15)
 q - a wand of iceblast (4/15)
 s - a wand of lightning (5/15)
 y - a wand of slowing (15/48)
 A - a wand of iceblast (12/15)
 H - a wand of iceblast (3/15)
 J - a wand of flame (16/48)
 L - a wand of paralysis (7/24)
Scrolls
 e - 2 scrolls of fog
 g - 4 scrolls of enchant weapon
 j - a scroll of fear
 n - a scroll of random uselessness {unknown}
 t - 4 scrolls of remove curse
 C - a scroll of recharging
 F - a scroll of enchant armour
 G - a scroll of noise {unknown}
Potions
 u - a potion of agility
 I - a potion of magic
 K - a potion of flight {unknown}
Books
 B - a book of Changes

   Spells                             Type                      Level
   a - Beastly Appendage              Transmutation                1
   b - Sticks to Snakes               Transmutation                2
   c - Spider Form                    Transmutation/Poison         3
   d - Ice Form                       Ice/Transmutation            4
   e - Blade Hands                    Transmutation                5
Comestibles
 f - 6 bread rations
 h - 25 fruits
 o - 5 meat rations
 E - 2 slices of pizza


   Skills:
 - Level 12.3(17.3) Fighting
 + Level 8.3(13.3) Crossbows
 - Level 1.7(6.7) Dodging
 - Level 1.2(6.2) Stealth
 * Level 7.8(12.8) Shields
 + Level 4.8 Invocations


You had 10 spell levels left.
You didn't know any spells.

Dungeon Overview and Level Annotations

Branches:
Dungeon (10/15)            Temple (1/1) D:6            Lair (1/6) D:9
    Orc: D:9-12

Altars:
Ashenzari
Cheibriados
Dithmenos
Elyvilon
Fedhas
Gozag
Hepliaklqana
Kikubaaqudgha
Makhleb
Nemelex Xobeh
Okawaru
Qazlal
Ru
Sif Muna
Trog
Uskayaw
Vehumet
Xom
Yredelemnul
Zin
The Shining One

Shops:
D:7 ?*


Innate Abilities, Weirdness & Mutations

You are under a permanent stasis effect.
You can dig through walls and to a lower floor.
Your four strong arms can wield two-handed weapons with a shield.
You have a pair of large antennae on your head. (SInv)


Message History

You shoot a bolt. The bolt hits the yak!!
The yak is severely wounded.
You block the yak's attack.
Firing (i - inventory):
i - 11 bolts (quivered)
Press: ? - help, Shift-Dir - straight line, f/p - yak
Aim: a yak (severely wounded)
You shoot a bolt. The bolt hits the yak.
The yak is almost dead.
You block the yak's attack.
Firing (i - inventory):
i - 10 bolts (quivered)
Press: ? - help, Shift-Dir - straight line, f/p - yak
Aim: a yak (almost dead)
You shoot a bolt. The bolt hits the yak.
The yak is almost dead.
You block the yak's attack.
Firing (i - inventory):
i - 9 bolts (quivered)
Press: ? - help, Shift-Dir - straight line, f/p - yak
Aim: a yak (almost dead)
You shoot a bolt. The bolt completely misses the yak.
The yak gores you!
You die...

# #.....<...# #.........# #
#...(.....####.........# #
#.........'.##<........# #
#.........#.##.........#
######.........#..'.....>...#
#....'.........####.........#
'.####..........# ######'####
### ###'######Y## #.# #
#.....###@# #.# # #####.#####
####.## # #..# ####.....#
#### ##.# ##.....)..# ...#
######'###..##.....#
...#####........#.###.....#
...##..'........#.# #.....#
......##........'.# #.....#
...#####........### #.....#


You could see a yak.

Vanquished Creatures
  Joseph (D:9)
  Psyche (D:8)
  A troll (D:9)
  A hippogriff (D:9)
  2 yaks (D:9)
  2 hungry ghosts
  Duvessa (D:7)
  5 ice beasts
  A sky beast (D:5)
  3 orc warriors
  A black bear (D:8)
  A phantom (D:7)
  5 centaurs
  5 ogres
  A big kobold (D:8)
  3 bullfrogs
  Dowan (D:7)
  3 scorpions
  2 howler monkeys (D:5)
  7 wights
  2 crimson imps
  6 hounds
  A jelly (D:9)
  2 bullfrog zombies (D:5)
  5 orc wizards
  2 bullfrog skeletons
  5 orc priests
  Crazy Yiuf (D:2)
  3 centaur skeletons
  2 iguanas (D:9)
  7 worker ants
  A hound skeleton (D:7)
  8 adders
  3 gnolls (D:4)
  A howler monkey skeleton (D:9)
  A shadow imp (D:8)
  2 oozes
  4 worms
  2 dart slugs
  5 leopard geckos
  17 orcs
  2 giant cockroaches (D:2)
  3 hobgoblins
  26 jackals
  8 kobolds
  3 quokkas
  A ball python (D:2)
  10 bats
  3 frilled lizards
  6 goblins
  9 rats
  2 plants (D:9)
200 creatures vanquished.

Vanquished Creatures (others)
  A bullfrog (D:7)
  A worker ant (D:7)
2 creatures vanquished.

Grand Total: 202 creatures vanquished

Notes
Turn   | Place    | Note
-------+----------+-------------------------------------------
     0 | D:1      | McCoppin the Formicid Hunter began the quest for the Orb.
     0 | D:1      | Reached XP level 1. HP: 16/16 MP: 1/1
   250 | D:1      | Reached XP level 2. HP: 23/23 MP: 2/2
   371 | D:1      | Reached skill level 3 in Fighting
   674 | D:2      | Reached XP level 3. HP: 28/29 MP: 3/3
   776 | D:2      | Reached skill level 4 in Fighting
  1148 | D:2      | Reached XP level 4. HP: 38/38 MP: 4/4
  1588 | D:2      | Found a runed door.
  1608 | D:2      | Found a faded altar of an unknown god.
  1672 | D:2      | Noticed Crazy Yiuf
  1677 | D:2      | Killed Crazy Yiuf
  1677 | D:2      | Reached skill level 5 in Fighting
  1677 | D:2      | Reached XP level 5. HP: 36/44 MP: 5/5
  2266 | D:4      | Reached skill level 6 in Fighting
  2581 | D:4      | Reached XP level 6. HP: 53/53 MP: 6/6
  2894 | D:4      | Reached skill level 7 in Fighting
  3016 | D:4      | Noticed an ogre
  3021 | D:4      | Killed an ogre
  3021 | D:4      | Reached XP level 7. HP: 54/61 MP: 7/7
  3171 | D:4      | Found a stormy altar of Qazlal.
  3196 | D:4      | Reached skill level 8 in Fighting
  3243 | D:5      | Entered Level 5 of the Dungeon
  3366 | D:5      | Reached skill level 9 in Fighting
  3476 | D:5      | Found a glowing golden altar of the Shining One.
  3579 | D:5      | Reached XP level 8. HP: 61/71 MP: 8/8
  3600 | D:4      | HP: 3/71 [ogre/giant club (23)]
  4104 | D:5      | Reached skill level 10 in Fighting
  4125 | D:5      | Reached skill level 5 in Crossbows
  4922 | D:6      | Reached XP level 9. HP: 79/79 MP: 9/9
  5094 | D:6      | Reached skill level 11 in Fighting
  5119 | D:6      | Found a staircase to the Ecumenical Temple.
  5128 | Temple   | Entered the Ecumenical Temple
  5192 | Temple   | Became a worshipper of Warmaster Okawaru
  6044 | D:7      | Found Fiugoo's Magic Scroll Shop.
  6052 | D:7      | Bought a scroll of identify for 30 gold pieces
  6052 | D:7      | Bought a scroll of enchant weapon for 112 gold pieces
  6052 | D:7      | Bought a scroll of remove curse for 45 gold pieces
  6190 | D:7      | Found a radiant altar of Vehumet.
  6273 | D:7      | Found an opulent altar of Gozag.
  6276 | D:7      | Found Gozag's Platinum Reserve.
  6384 | D:7      | Reached * piety under Okawaru
  6384 | D:7      | Reached skill level 12 in Fighting
  6463 | D:7      | Noticed Duvessa
  6463 | D:7      | Noticed Dowan
  6476 | D:7      | Killed Duvessa
  6480 | D:7      | Killed Dowan
  6896 | D:7      | Reached skill level 1 in Shields
  6924 | D:8      | Reached XP level 10. HP: 46/90 MP: 10/10
  7145 | D:8      | Reached skill level 1 in Invocations
  7351 | D:8      | Reached ** piety under Okawaru
  7484 | D:8      | Noticed Psyche
  7500 | D:8      | Killed Psyche
  7622 | D:8      | Reached skill level 5 in Shields
  8014 | D:9      | Found a staircase to the Lair.
  8026 | D:9      | Noticed Joseph
  8060 | D:9      | Reached *** piety under Okawaru
  8069 | D:9      | HP: 2/90 [troll (6)]
  8379 | D:9      | Found a sparkling altar of Nemelex Xobeh.
  8644 | D:9      | Killed Joseph
  8990 | D:9      | Reached **** piety under Okawaru
  9050 | D:10     | Entered Level 10 of the Dungeon
  9053 | D:10     | Noticed a hill giant
  9093 | Lair:1   | Entered Level 1 of the Lair of Beasts
  9103 | Lair:1   | Noticed a komodo dragon
  9132 | D:9      | Reached XP level 11. HP: 11/96 MP: 11/14
  9139 | D:9      | Slain by a yak

Vault maps used:
D:1:      ncdulo_lavacross, minmay_strange_pillars, minmay_misc_feat_hallway
D:2:      ecumenical_altar_1, uniq_crazy_yiuf_cottage
D:3:      first_bread
D:4:      marbit_many_paths
D:5:      tso_altar, serial_bayou_pond_b, roderic_malta_cross
D:7:      fiery_altar_vehumet, nicolae_gozag_zags_fifth_avenue, serial_shops,
          nicolae_shop_statue_plus, uniq_duvessa
D:8:      blue_anna_alchemist, uniq_psyche
D:9:      nemelex_xobeh_ov_fountains_minmay, lair_0_dummy, serial_bayou_pond_b,
          uniq_joseph
D:10:     serial_shops, nicolae_shop_trees, shop_statue, nicolae_shop_trees
Temple:   compressed_dpeg_circular_temple
Lair:1:   grunt_megastairs_2

Skill      XL: |  1  2  3  4  5  6  7  8  9 10 |
---------------+-------------------------------+-----
Fighting       | 3 4 5 6 7 9 10 12 | 12.3
Crossbows      | 5 7 8 |  8.3
Shields        | 2 7 |  7.8
Invocations    | 4 |  4.8
Dodging        | |  1.7
Stealth        | |  1.2

Action                   |  1- 3 |  4- 6 |  7- 9 | 10-12 || total
-------------------------+-------+-------+-------+-------++-------
Melee: Short sword       |    13 |    33 |       |       ||    46
       Quarterstaff      |       |     1 |    66 |   174 ||   241
 Fire: Hand crossbow     |    67 |    93 |   269 |   137 ||   566
Invok: Heroism           |       |       |       |     2 ||     2
 Abil: Dig               |       |       |     2 |     2 ||     4
  Use: Scroll            |       |       |     8 |     3 ||    11
       Potion            |       |       |     5 |     5 ||    10
 Stab: Sleeping          |       |     1 |       |       ||     1
  Eat: Chunk             |       |     2 |     6 |    10 ||    18
       Bread ration      |       |     1 |       |       ||     1
       Meat ration       |       |       |     1 |     1 ||     2
       Fruit             |       |       |       |     2 ||     2
Armor: Leather armour    |    12 |    14 |    35 |       ||    61
       Scale mail        |       |       |    10 |    80 ||    90
       Skin              |       |       |       |     4 ||     4
Dodge: Dodged            |    21 |    43 |   102 |    84 ||   250
Block: Shield            |       |       |    45 |   137 ||   182
